 Dungeon Sprint DCSS version 0.30-a0-177-g1cb5dbfd7a (webtiles) character file.

Game seed: 1395271807421420988

58874 wilfster70 the Conqueror (level 14, -1/168 HPs)
             Began as a Minotaur Fighter on Oct 3, 2022.
             Was an Initiate of Gozag.
             Slain by a black draconian knight
             ... wielding a +0 war axe
              (30 damage)
             ... in the Dungeon (Sprint IX: "|||||||||||||||||||||||||||||").
             The game lasted 00:15:54 (4862 turns).

wilfster70 the Conqueror (Minotaur Fighter)         Turns: 4862, Time: 00:15:54

Health: -1/168     AC: 32    Str: 27    XL:     14   Next: 51%
Magic:  19/19      EV: 14    Int:  9    God:    Gozag
Gold:   3500       SH:  9    Dex: 11    Spells: 17/21 levels left

rFire   + + .      SeeInvis .    a - +7 spear "Zil Tac" {freeze, Will+ Int+4}
rCold   + + .      Faith    .    E - +2 buckler
rNeg    + . .      Spirit   .    w - +2 plate armour
rPois   +          Reflect  .    n - -2 hat of the Alchemist {rElec rPois rF+ rC+ rN+ Will+ rMut rCorr}
rElec   +          Harm     .    o - +1 cloak
rCorr   +          Rampage  .    x - +1 pair of gloves of Courage {rCorr Str+2 Slay+2}
rMut    +          NoTele   +    C - +2 pair of boots
Will    +++..                    (no amulet)
Stlth   ..........               p - +2 ring of protection
HPRegen 0.48/turn                (no ring)
MPRegen 0.16/turn

@: mighty, resistant, gold aura
A: horns 2, retaliatory headbutt
a: Renounce Religion, Potion Petition, Call Merchant, Bribe Branch


You were in the Dungeon.
You worshipped Gozag.
Gozag was most pleased with you.
You visited 1 branch You collected 15850 gold pieces.
You spent 6527 gold pieces at shops.
You paid 5823 gold pieces to Gozag.

Inventory:

Hand Weapons
 a - the +7 spear "Zil Tac" (weapon) {freeze, Will+ Int+4}
   (You bought it in a shop in the Dungeon)

   It freezes those it strikes, dealing additional cold damage.
   It can also slow down cold-blooded creatures.
   Int:       It affects your intelligence (+4).
   Will:      It increases your willpower.
 b - the +8 autumn katana {vorpal, manifold assault}
   (You bought it in a shop in the Dungeon)

   It sometimes launches melee attacks against multiple visible enemies.
 c - a +5 vorpal trident
Armour
 n - the -2 hat of the Alchemist (worn) {rElec rPois rF+ rC+ rN+ Will+ rMut rCorr}
   (You bought it in a shop in the Dungeon)

   rF:        It protects you from fire.
   rC:        It protects you from cold.
   rElec:     It insulates you from electricity.
   rPois:     It protects you from poison.
   rN:        It protects you from negative energy.
   rCorr:     It protects you from acid and corrosion.
   rMut:      It protects you from mutation.
   Will:      It increases your willpower.
 o - a +1 cloak (worn)
 w - a +2 plate armour (worn)
 x - the +1 pair of gloves of Courage (worn) {rCorr Str+2 Slay+2}
   (You bought it in a shop in the Dungeon)

   Str:       It affects your strength (+2).
   Slay:      It affects your accuracy & damage with ranged weapons and melee
   (+2).
   rCorr:     It protects you from acid and corrosion.
 C - a +2 pair of boots (worn)
 E - a +2 buckler (worn)
Jewellery
 p - a +2 ring of protection (left hand)
 q - a +2 ring of evasion
 u - a ring of willpower
 z - a ring of willpower
 A - a ring of protection from cold
 B - a ring of willpower
Wands
 m - a wand of quicksilver (6)
 y - a wand of roots (11)
Scrolls
 j - 4 scrolls of blinking
 l - 2 scrolls of amnesia
 r - 2 scrolls of identify
 s - 2 scrolls of butterflies
 v - a scroll of magic mapping
Potions
 d - 5 potions of brilliance
 e - 6 potions of curing
 f - 2 potions of resistance
 g - 2 potions of haste
 h - 4 potions of magic
 i - 2 potions of might
 k - a potion of invisibility
 t - 2 potions of berserk rage
 D - 3 potions of heal wounds


   Skills:
 O Level 27 Fighting
 - Level 12.0 Long Blades
 - Level 14.0 Polearms
 - Level 23.0 Armour
 - Level 18.4 Dodging
 - Level 12.2 Shields
 + Level 4.3 Spellcasting
 + Level 4.7 Conjurations
 + Level 4.7 Translocations
 + Level 11.1 Evocations


You had 17 spell levels left.
You knew the following spells:

 Your Spells              Type           Power      Damage    Failure   Level
a - Iskenderun's Mystic   Conj/Tloc      10%        2d4       87%         4

Your spell library contained the following spells:

 Spells                   Type           Power      Damage    Failure   Level
 Dazzling Flash           Conj/Hex       12%        N/A       80%         3
 Hailstorm                Conj/Ice       6%         3d4       80%         3
 Ice Form                 Ice/Tmut       1%         N/A       100%        4
 Starburst                Conj/Fire      3%         6d3       100%        6
 Simulacrum               Ice/Necr       Unusable   N/A       N/A         6

Dungeon Overview and Level Annotations

Branches:
Dungeon (1/1)

Altars:
Cheibriados
Dithmenos
Elyvilon
Fedhas
Gozag
Hepliaklqana
Kikubaaqudgha
Makhleb
Nemelex Xobeh
Okawaru
Qazlal
Ru
Sif Muna
Trog
Uskayaw
Vehumet
Wu Jian
Xom
Yredelemnul
Zin
The Shining One
Jiyva
Lugonu

Shops:
D (:[(!(=[


Innate Abilities, Weirdness & Mutations

You have a pair of horns on your head.
You reflexively headbutt those who attack you in melee.


Message History

You puncture the phantasmal warrior! You freeze the phantasmal warrior.
You destroy the phantasmal warrior!
The vault guard hits you but does no damage.
The wizard mumbles some strange words.
The wizard flickers and vanishes!
You puncture the vault guard! You freeze the vault guard!
Your headbutt misses the vault guard.
The vault guard is moderately wounded.
You hit the vault guard. You freeze the vault guard.
The vault guard is heavily wounded.
The royal mummy is no longer distracted by gold.
The ironbound convoker points at the vault guard and mumbles some strange words.
You block the vault guard's attack.
You barely miss the vault guard.
The vault guard is heavily wounded.
You puncture the vault guard! You freeze the vault guard!
The vault guard is severely wounded.
The royal mummy is distracted by your dazzling golden aura.
The vault guard completely misses you.
You impale the vault guard!! You freeze the vault guard.
You kill the vault guard!
A bolt of lightning appears from out of thin air!
The bolt of lightning hits you! You resist.
* * * LOW HITPOINT WARNING * * *
A centaur warrior comes into view.
Something hits you but does no damage.
A bolt of lightning appears from out of thin air!
The bolt of lightning hits you! You resist.
* * * LOW HITPOINT WARNING * * *
Items here: $ ))) [[[[.
You puncture something! You freeze something.
You recover from your berserk rage.
The vault sentinel blows a loud note on a signal horn!
You hear a shout!
You completely miss something. Something hits you.
* * * LOW HITPOINT WARNING * * *
The centaur warrior is distracted by your dazzling golden aura.
You miss something. Something hits you!!
You die...
Your body crumbles into a pile of gold.

[[[[[[[....).....).((.(.[........
▓▓▓▓▓▓▓▓▓▓▓▓▓▓▓▓▓▓▓▓▓▓▓▓▓▓▓▓▓▓▓▓▓
..)........).....................
▓▓▓▓▓▓▓▓▓▓▓▓▓▓▓▓▓▓▓▓♣♣♣♣♣♣♣♣♣♣▓▓▓
[.........)...)....)[.........'..
▓▓▓▓▓▓▓▓▓▓▓▓▓▓▓▓▓▓▓▓♣♣♣♣♣♣♣♣♣♣▓▓▓
....)..........).................
▓▓▓▓▓▓▓▓▓▓▓▓▓▓▓▓▓▓▓▓▓▓▓▓▓▓▓▓▓▓▓▓▓
.)..[......+$$$$@{ppM{c.
▓▓▓▓▓▓▓▓▓▓▓▓▓▓▓▓▓▓▓▓▓▓▓▓


You could see a royal mummy, a centaur warrior (unaware), a vault sentinel
(strong, catching breath) and an ironbound convoker.

Vanquished Creatures
  Frances (D)
  A nagaraja (D)
  A fenstrider witch (D)
  A frost giant (D)
  2 fire giants (D)
  4 vault wardens (D)
  An ironbound preserver (D)
  A vampire knight (D)
  4 stone giants (D)
  A very ugly thing (D)
  Nessos (D)
  A bunyip (D)
  An ettin (D)
  Josephine (D)
  An entropy weaver (D)
  4 fire dragons (D)
  A yaktaur captain (D)
  A rakshasa (D)
  A vault guard (D)
  A hydra (D)
  An ice dragon (D)
  A salamander tyrant (D)
  A catoblepas (D)
  An anaconda (D)
  An ironbound frostheart (D)
  A boulder beetle (D)
  A merfolk avatar (D)
  2 deep troll shamans (D)
  A naga warrior (D)
  4 orc high priests (D)
  A shock serpent (D)
  A skeletal warrior (D)
  A goliath frog (D)
  A glowing orange brain (D)
  A sea snake (D)
  A spriggan druid (D)
  2 swamp dragons (D)
  A phantasmal warrior (D)
  3 lindwurms (D)
  A wizard (D)
  An ironbound convoker (D)
  3 orc knights (D)
  A harpy (D)
  A mana viper (D)
  A deep elf pyromancer (D)
  3 cyclopes (D)
  A wolf spider (D)
  2 will-o-the-wisps (D)
  An ugly thing (D)
  3 orc sorcerers (D)
  2 manticores (D)
  2 elephants (D)
  Joseph (D)
  3 torpor snails (D)
  3 black mambas (D)
  A merfolk siren (D)
  3 vault sentinels (D)
  A gargoyle (D)
  2 cane toads (D)
  A cane toad (shapeshifter) (D)
  3 komodo dragons (D)
  A yaktaur (D)
  4 meliai (D)
  2 tengu conjurers (D)
  4 merfolk (D)
  3 tyrant leeches (D)
  A troll (D)
  A hornet (D)
  A polar bear (D)
  A slime creature (D)
  A wind drake (D)
  A jumping spider (D)
  2 wyverns (D)
  A spriggan (D)
  5 wraiths (D)
  2 yaks (D)
  Grum (D)
  A redback (D)
  4 water moccasins (D)
  6 orc warriors (D)
  2 wolves (D)
  A phantom (D)
  A centaur (D)
  A bullfrog (D)
  A necrophage (D)
  A killer bee (D)
  A howler monkey (D)
  A hound (D)
  3 orc priests (D)
  8 orc wizards (D)
  An adder (D)
  2 worms (D)
  A dart slug (D)
  14 orcs (D)
  A ball python (D)
  A kobold (D)
  2 goblins (D)
180 creatures vanquished.

Vanquished Creatures (others)
  A lich (D)
  A vampire mage (D)
  4 foxfires (D)
6 creatures vanquished.

Grand Total: 186 creatures vanquished

Notes
Turn   | Place    | Note
-------+----------+-------------------------------------------
     0 | D        | wilfster70 the Minotaur Fighter began the quest for the
                  | Orb.
     0 | D        | Reached XP level 1. HP: 19/19 MP: 0/0
     8 | D        | Reached skill level 1 in Dodging
     9 | D        | Reached skill level 4 in Fighting
    15 | D        | Noticed a necrophage
    15 | D        | Noticed a phantom
    15 | D        | Noticed a hound
    20 | D        | Killed a necrophage
    21 | D        | Reached skill level 5 in Fighting
    21 | D        | Reached skill level 5 in Armour
    21 | D        | Reached XP level 2. HP: 29/29 MP: 1/1
    21 | D        | Reached XP level 3. HP: 36/36 MP: 2/2
    29 | D        | Killed a phantom
    30 | D        | Reached skill level 6 in Fighting
    30 | D        | Reached XP level 4. HP: 33/45 MP: 3/3
    30 | D        | Reached XP level 5. HP: 38/51 MP: 4/4
    43 | D        | Reached skill level 5 in Dodging
   121 | D        | Found a snail-covered altar of Cheibriados.
   121 | D        | Found a shadowy altar of Dithmenos.
   121 | D        | Found a white marble altar of Elyvilon.
   121 | D        | Found a blossoming altar of Fedhas.
   121 | D        | Found an opulent altar of Gozag.
   122 | D        | Found a hazy altar of Hepliaklqana.
   123 | D        | Found a viscous altar of Jiyva.
   124 | D        | Found an ancient bone altar of Kikubaaqudgha.
   125 | D        | Found a corrupted altar of Lugonu.
   126 | D        | Found a burning altar of Makhleb.
   127 | D        | Found a sparkling altar of Nemelex Xobeh.
   128 | D        | Found an iron altar of Okawaru.
   129 | D        | Became a worshipper of Gozag Ym Sagoz the Greedy
   130 | D        | Found a stormy altar of Qazlal.
   131 | D        | Found a sacrificial altar of Ru.
   132 | D        | Found a shimmering blue altar of Sif Muna.
   133 | D        | Found a bloodstained altar of Trog.
   134 | D        | Found a hide-covered altar of Uskayaw.
   135 | D        | Found a radiant altar of Vehumet.
   136 | D        | Found an ornate altar of the Wu Jian Council.
   137 | D        | Found a shimmering altar of Xom.
   138 | D        | Found a basalt altar of Yredelemnul.
   139 | D        | Found a glowing silver altar of Zin.
   140 | D        | Found a glowing golden altar of the Shining One.
   182 | D        | Noticed a wraith
   182 | D        | Noticed a gargoyle
   188 | D        | Reached skill level 7 in Fighting
   193 | D        | Killed a wraith
   194 | D        | Reached skill level 8 in Fighting
   194 | D        | Reached skill level 10 in Polearms
   194 | D        | Reached XP level 6. HP: 56/61 MP: 5/5
   211 | D        | Killed a gargoyle
   212 | D        | Reached skill level 9 in Fighting
   212 | D        | Reached XP level 7. HP: 26/70 MP: 6/6
   384 | D        | Noticed a cyclops
   384 | D        | Noticed a deep elf pyromancer
   384 | D        | Noticed a wraith
   384 | D        | Noticed a five-headed hydra
   384 | D        | Noticed a troll
   391 | D        | Killed a cyclops
   392 | D        | Reached skill level 10 in Fighting
   392 | D        | Reached skill level 10 in Armour
   392 | D        | Reached XP level 8. HP: 49/80 MP: 7/7
   395 | D        | Killed a deep elf pyromancer
   396 | D        | Reached skill level 11 in Fighting
   406 | D        | Killed a five-headed hydra
   407 | D        | Reached skill level 12 in Fighting
   407 | D        | Reached skill level 10 in Dodging
   407 | D        | Reached XP level 9. HP: 39/90 MP: 8/8
   421 | D        | Killed a troll
   422 | D        | Reached skill level 13 in Fighting
   684 | D        | Noticed a cane toad
   684 | D        | Noticed a komodo dragon
   684 | D        | Noticed a komodo dragon
   693 | D        | Killed a cane toad
   703 | D        | Noticed an elephant
   715 | D        | Killed a komodo dragon
   719 | D        | Reached skill level 14 in Fighting
   724 | D        | Killed a komodo dragon
   733 | D        | Reached XP level 10. HP: 40/104 MP: 9/9
   740 | D        | Killed an elephant
   907 | D        | Bought the +7 spear "Zil Tac" {freeze, Will+ Int+4} for
                  | 1043 gold pieces
   919 | D        | Noticed a cane toad
   919 | D        | Noticed an elephant
   919 | D        | Noticed a boulder beetle
   924 | D        | Killed a cane toad
   925 | D        | Reached skill level 15 in Fighting
   925 | D        | Reached skill level 15 in Armour
   929 | D        | Killed an elephant
   981 | D        | Killed a boulder beetle
   982 | D        | Reached skill level 16 in Fighting
  1072 | D        | Noticed a lindwurm
  1072 | D        | Noticed a lindwurm
  1072 | D        | Noticed a lindwurm
  1083 | D        | Killed a lindwurm
  1085 | D        | Killed a lindwurm
  1086 | D        | Reached skill level 15 in Dodging
  1105 | D        | Killed a lindwurm
  1106 | D        | Reached skill level 17 in Fighting
  1106 | D        | Reached XP level 11. HP: 83/117 MP: 10/10
  1163 | D        | Bought a pair of masterwork gloves for 313 gold pieces
  1163 | D        | Identified the +1 pair of gloves of Courage {rCorr Str+2
                  | Slay+2} (You bought it in a shop in the Dungeon)
  1163 | D        | Bought a brightly glowing chain mail for 313 gold pieces
  1163 | D        | Identified the +1 chain mail of Hubris {Dex+3} (You bought
                  | it in a shop in the Dungeon)
  1217 | D        | Noticed Joseph
  1229 | D        | Killed Joseph
  1484 | D        | Bought the -2 hat of the Alchemist {rElec rPois rF+ rC+ rN+
                  | Will+ rMut rCorr} for 1557 gold pieces
  1484 | D        | Found the -2 hat of the Alchemist {rElec rPois rF+ rC+ rN+
                  | Will+ rMut rCorr}
  1588 | D        | Noticed an orc knight
  1588 | D        | Noticed an orc knight
  1644 | D        | Killed an orc knight
  1645 | D        | Reached skill level 5 in Shields
  1654 | D        | Killed an orc knight
  1860 | D        | Noticed an orc sorcerer
  1867 | D        | Killed an orc sorcerer
  1890 | D        | Found Wasear's Antique Weapon Emporium.
  1890 | D        | Noticed an orc high priest
  1890 | D        | Noticed an orc sorcerer
  1890 | D        | Noticed an orc high priest
  1966 | D        | Killed an orc high priest
  1967 | D        | Reached skill level 18 in Fighting
  1975 | D        | Killed an orc sorcerer
  1987 | D        | Killed an orc high priest
  2183 | D        | Noticed an orc sorcerer
  2193 | D        | Killed an orc sorcerer
  2213 | D        | Found Yczaatz's Distillery.
  2215 | D        | Found Gugrinuc's Antique Weapon Emporium.
  2218 | D        | Found Guippoal's Jewellery Shoppe.
  2218 | D        | Noticed an orc high priest
  2221 | D        | Noticed an orc high priest
  2223 | D        | Noticed an orc knight
  2227 | D        | Killed an orc high priest
  2234 | D        | Killed an orc high priest
  2245 | D        | Killed an orc knight
  2279 | D        | Bought the ring of Lyipoz {Wiz rN+ Int+9} for 661 gold
                  | pieces
  2281 | D        | Bought the +8 autumn katana {vorpal, manifold assault} for
                  | 1212 gold pieces
  2281 | D        | Found the +8 autumn katana {vorpal, manifold assault}
  2574 | D        | Noticed a skeletal warrior
  2574 | D        | Noticed a catoblepas
  2580 | D        | Noticed a white ugly thing
  2587 | D        | Killed a skeletal warrior
  2588 | D        | Reached skill level 19 in Fighting
  2588 | D        | Reached skill level 1 in Long Blades
  2600 | D        | Reached XP level 12. HP: 130/130 MP: 11/11
  2600 | D        | Noticed a stone giant
  2604 | D        | Noticed a stone giant
  2608 | D        | Reached skill level 10 in Shields
  2619 | D        | Noticed a stone giant
  2640 | D        | Killed a catoblepas
  2647 | D        | Noticed an ice dragon
  2663 | D        | Killed a stone giant
  2664 | D        | Reached skill level 5 in Long Blades
  2676 | D        | Killed a stone giant
  2693 | D        | Killed a stone giant
  2706 | D        | Noticed a rakshasa
  2714 | D        | Killed an ice dragon
  2752 | D        | Killed a rakshasa
  2753 | D        | Reached skill level 20 in Fighting
  3068 | D        | Noticed Frances
  3083 | D        | Killed Frances
  3326 | D        | Noticed Grum
  3335 | D        | Killed Grum
  3389 | D        | Noticed a merfolk avatar
  3402 | D        | Killed a merfolk avatar
  3434 | D        | Reached skill level 10 in Long Blades
  3585 | D        | Noticed a naga warrior
  3585 | D        | Noticed a salamander tyrant
  3585 | D        | Noticed an anaconda
  3585 | D        | Noticed a nagaraja
  3593 | D        | Killed a salamander tyrant
  3614 | D        | Killed a naga warrior
  3615 | D        | Reached skill level 21 in Fighting
  3622 | D        | Killed an anaconda
  3623 | D        | Reached XP level 13. HP: 114/143 MP: 12/12
  3632 | D        | Killed a nagaraja
  3633 | D        | Reached skill level 22 in Fighting
  3662 | D        | Reached skill level 23 in Fighting
  3734 | D        | Bought a pair of embroidered boots for 180 gold pieces
  3734 | D        | Bought a jacinth-encrusted plate armour for 672 gold pieces
  3734 | D        | Identified the +9 plate armour of the Other World {rElec
                  | rC- rCorr} (You bought it in a shop in the Dungeon)
  3792 | D        | Reached skill level 24 in Fighting
  3911 | D        | Noticed a fenstrider witch
  3934 | D        | Killed a fenstrider witch
  3935 | D        | Reached skill level 25 in Fighting
  3951 | D        | Noticed a bunyip
  3980 | D        | Killed a bunyip
  3981 | D        | Reached skill level 26 in Fighting
  4115 | D        | Noticed Nessos
  4124 | D        | Killed Nessos
  4237 | D        | Noticed Josephine
  4254 | D        | Killed Josephine
  4313 | D        | Noticed a vampire knight
  4313 | D        | Noticed a fire giant
  4313 | D        | Noticed a fire dragon
  4313 | D        | Noticed a stone giant
  4314 | D        | Noticed a fire dragon
  4315 | D        | Noticed a lich
  4324 | D        | Killed a vampire knight
  4325 | D        | Reached skill level 27 in Fighting
  4331 | D        | Killed a fire giant
  4332 | D        | Noticed a fire giant
  4334 | D        | Noticed a fire dragon
  4340 | D        | Killed a fire dragon
  4347 | D        | Killed a stone giant
  4348 | D        | Reached skill level 5 in Evocations
  4348 | D        | Noticed an ettin
  4353 | D        | Noticed a fire dragon
  4353 | D        | Killed a lich
  4354 | D        | Noticed a frost giant
  4358 | D        | Killed a fire dragon
  4365 | D        | Killed a fire giant
  4371 | D        | Noticed a white very ugly thing
  4375 | D        | Killed a fire dragon
  4376 | D        | Reached XP level 14. HP: 40/168 MP: 13/13
  4394 | D        | Killed a frost giant
  4401 | D        | Killed a white very ugly thing
  4695 | D        | Bought a book of Spectacle for 576 gold pieces
  4703 | D        | Learned a level 4 spell: Iskenderun's Mystic Blast
  4714 | D        | Noticed a vault warden
  4726 | D        | Reached skill level 1 in Spellcasting
  4726 | D        | Reached skill level 1 in Conjurations
  4726 | D        | Reached skill level 1 in Translocations
  4750 | D        | Noticed an ironbound preserver
  4753 | D        | Killed a vault warden
  4762 | D        | Reached skill level 10 in Evocations
  4765 | D        | Noticed a vault warden
  4795 | D        | Noticed a vault warden
  4812 | D        | Killed a vault warden
  4814 | D        | Killed an ironbound preserver
  4820 | D        | Noticed a vault warden
  4839 | D        | Killed a vault warden
  4841 | D        | Noticed a royal mummy
  4848 | D        | Killed a vault warden
  4862 | D        | Slain by a black draconian knight

Illustrated notes

Levels and vault maps discovered:
D:        linesprint [early_d, line_temple, items_1, d_10, items_2, lair_1,
          lair_end, items_3, orc_1, orc_end, items_4, d_15, swamp_1, shoals_1,
          snake_1, spider_1, d_20, vaults_1, items_5, swamp_end, shoals_end,
          snake_end, spider_end, vaults_end, d_27, items_6, zot_1, zot_end,
          crypt_end, forest_end, elf_end, slime_end, tomb_end, abyss_end,
          pan_hell_end]

Skill      XL: |  1  2  3  4  5  6  7  8  9 10 11 12 13 14 |
---------------+-------------------------------------------+-----
Polearms       | 6 8 10 12 13 14 | 14.0
Shields        | 4 9 12 | 12.2
Armour         | 5 6 8 9 10 12 14 17 19 20 22 23 | 23.0
Dodging        | 3 4 6 7 8 10 12 15 17 18 | 18.4
Fighting       | 5 6 8 9 10 12 14 17 19 21 27 | 27.0
Long Blades    | 2 12 | 12.0
Evocations     | 7 11 | 11.1
Spellcasting   | 4 |  4.3
Conjurations   | 4 |  4.7
Translocations | 4 |  4.7

Action                   |  1- 3 |  4- 6 |  7- 9 | 10-12 | 13-15 || total
-------------------------+-------+-------+-------+-------+-------++-------
Melee: Trident           |    19 |    39 |    82 |     6 |       ||   146
       Headbutt          |     1 |     7 |    22 |    95 |    92 ||   217
       Spear             |       |       |       |   529 |   309 ||   838
       Katana            |       |       |       |       |   112 ||   112
Invok: Potion Petition   |       |       |     1 |     1 |     3 ||     5
       Call Merchant     |       |       |       |     2 |     2 ||     4
Evoke: Wand              |       |       |       |     4 |       ||     4
  Use: Potion            |       |     3 |     2 |       |     1 ||     6
       Scroll            |       |       |       |     5 |     1 ||     6
 Stab: Distracted        |       |       |       |     5 |     2 ||     7
Armor: Scale mail        |     2 |     7 |    20 |    14 |       ||    43
       Chain mail        |       |       |       |    20 |       ||    20
       Plate armour      |       |       |       |    56 |    84 ||   140
Dodge: Dodged            |     8 |    17 |    29 |   110 |    67 ||   231
Block: Buckler           |     1 |     8 |     7 |    46 |    60 ||   122

Table legend: (Time is in decaauts)
 A = Elapsed time spent in this place.
 B = Non-inter-level travel time spent in this place.
 C = Inter-level travel time spent in this place.
 D = Time resting spent in this place.
 E = Time spent auto-exploring this place.
 F = Levels seen in this place.
 G = Mean time per level.
                   A        B        C        D        E       F      G
               +--------+--------+--------+--------+--------+-----+--------+
         Total |   4434 |   4339 |     95 |   1996 |    420 |   1 | 4434.0 |
       Dungeon |   4434 |   4339 |     95 |   1996 |    420 |   1 | 4434.0 |
               +--------+--------+--------+--------+--------+-----+--------+

Top non-repeatable levels by time:
       D: 4434 daAuts
